AA - U28
ALEXANDRIA ACES @ ROCKET CITY TRASH PANDAS
08/22/2052
 
TOP OF THE 1ST
Frisco RoughRiders batting - Pitching for Alexandria Aces : LHP Kerry Pinard
Pitching: LHP Kerry Pinard
Batting: LHB Jesus Soto 0-0: Ball
1-0: Foul Ball, location: 2F
1-1: Ball
2-1: Foul Ball, location: 2F
2-2: Strikes out looking
Batting: RHB Bob Castillo 0-0: Ball
1-0: Called Strike
1-1: Foul Ball, location: 2F
1-2: Ball
2-2: Strikes out swinging
Batting: LHB Caleb Griffin 0-0: Ground out 6-3 (Groundball, 6D, EV 103.8 MPH)
Top of the 1st over - 0 runs, 0 hits, 0 errors, 0 left on base; Frisco 0 - Alexandria 0
BOTTOM OF THE 1ST
Alexandria Aces batting - Pitching for Frisco RoughRiders : LHP Isaac Surrett
Pitching: LHP Isaac Surrett
Batting: LHB T.J. Katz 0-0: Ball
1-0: Ball
2-0: DOUBLE (Line Drive, 5D, EV 97.5 MPH)
Batting: LHB Miguel Melchor 0-0: Called Strike
0-1: Ground out 6-3 (Groundball, 6S, EV 81.9 MPH)
T.J. Katz to third
Batting: RHB Byron Shearman 0-0: Ball
Passed Ball!
T.J. Katz scores
1-0: Called Strike
1-1: Ball
2-1: Fly out, F7 (Flyball, 7LM, EV 103.1 MPH)
Batting: RHB Matt Hicok 0-0: Ball
1-0: Ball
2-0: Foul Ball, location: 2F
2-1: Foul Ball, location: 2F
2-2: Foul Ball, location: 2F
2-2: Foul Ball, location: 2F
2-2: Ball
3-2: SINGLE (Line Drive, 89S, EV 105.0 MPH)
Batting: LHB Brennan Self 0-0: Ball
1-0: Ball
2-0: Foul Ball, location: 2F
2-1: Foul Ball, location: 2F
2-2: Strikes out swinging
Bottom of the 1st over - 1 run, 2 hits, 0 errors, 1 left on base; Frisco 0 - Alexandria 1
TOP OF THE 2ND
Frisco RoughRiders batting - Pitching for Alexandria Aces : LHP Kerry Pinard
Batting: LHB Bradford Seidl 0-0: Called Strike
0-1: Swinging Strike
0-2: Fly out, F7 (Flyball, 7D, EV 99.4 MPH)
Batting: LHB Jaiden Pritchett 0-0: Swinging Strike
0-1: Foul Ball, location: 2F
0-2: Ground out U3 (Groundball, 34, EV 84.4 MPH)
Batting: RHB Jose Nolasco 0-0: Ball
1-0: Ball
2-0: Ball
3-0: Base on Balls
Batting: SHB Martín Aguirre 0-0: Ball
1-0: SINGLE (Line Drive, 9LS, EV 109.4 MPH)
Jose Nolasco to second
Batting: LHB Pat Basso 0-0: Foul Ball, location: 2F
0-1: Swinging Strike
0-2: Strikes out swinging
Top of the 2nd over - 0 runs, 1 hit, 0 errors, 2 left on base; Frisco 0 - Alexandria 1
BOTTOM OF THE 2ND
Alexandria Aces batting - Pitching for Frisco RoughRiders : LHP Isaac Surrett
Batting: RHB Sonny Kubler 0-0: Called Strike
0-1: Called Strike
0-2: Foul Ball, location: 2F
0-2: Fly out, F7 (Flyball, 7S, EV 90.0 MPH)
Batting: RHB Josh Check 0-0: Ball
1-0: Swinging Strike
1-1: DOUBLE (Line Drive, 89M, EV 96.9 MPH)
Batting: LHB Jeremy Simmons 0-0: Foul Ball, location: 2F
0-1: Ball
1-1: Swinging Strike
Passed Ball!
Josh Check to third
1-2: Foul Ball, location: 2F
1-2: Ground out 6-3 (Groundball, 6, EV 102.5 MPH)
Josh Check scores
Batting: LHB Mike Rojas 0-0: Ball
1-0: Called Strike
1-1: Ball
2-1: Ball
3-1: Called Strike
3-2: Foul Ball, location: 2F
3-2: Ground out 6-3 (Groundball, 6, EV 90.6 MPH)
Bottom of the 2nd over - 1 run, 1 hit, 0 errors, 0 left on base; Frisco 0 - Alexandria 2
TOP OF THE 3RD
Frisco RoughRiders batting - Pitching for Alexandria Aces : LHP Kerry Pinard
Batting: LHB Andrew Foxx 0-0: Ball
1-0: Ball
2-0: Foul Ball, location: 2F
2-1: Ball
3-1: Fly out, F8 (Flyball, 8RM, EV 81.2 MPH)
Batting: LHB Jesus Soto 0-0: Called Strike
0-1: Ball
1-1: Ground out 5-3 (Groundball, 56, EV 81.9 MPH)
Batting: RHB Bob Castillo 0-0: Swinging Strike
0-1: Foul Ball, location: 2F
0-2: Ball
1-2: Strikes out swinging
Top of the 3rd over - 0 runs, 0 hits, 0 errors, 0 left on base; Frisco 0 - Alexandria 2
BOTTOM OF THE 3RD
Alexandria Aces batting - Pitching for Frisco RoughRiders : LHP Isaac Surrett
Batting: LHB T.J. Katz 0-0: Called Strike
0-1: Called Strike
0-2: Ball
1-2: Strikes out looking
Batting: LHB Miguel Melchor 0-0: Ground out 4-3 (Groundball, 4D, EV 98.8 MPH)
Batting: RHB Byron Shearman 0-0: Called Strike
0-1: Ball
1-1: Called Strike
1-2: Ball
2-2: Ball
3-2: Foul Ball, location: 2F
3-2: Base on Balls
Batting: RHB Matt Hicok 0-0: Swinging Strike
0-1: Ball
1-1: Ball
2-1: Foul Ball, location: 2F
2-2: Strikes out swinging
Bottom of the 3rd over - 0 runs, 0 hits, 0 errors, 1 left on base; Frisco 0 - Alexandria 2
TOP OF THE 4TH
Frisco RoughRiders batting - Pitching for Alexandria Aces : LHP Kerry Pinard
Batting: LHB Caleb Griffin 0-0: Fly out, F5 (Flyball, 56D, EV 90.0 MPH)
Batting: LHB Bradford Seidl 0-0: Called Strike
0-1: Swinging Strike
0-2: Strikes out looking
Batting: LHB Jaiden Pritchett 0-0: Ball
1-0: Ball
2-0: Ball
3-0: Called Strike
3-1: Base on Balls
Batting: RHB Jose Nolasco 0-0: Ball
1-0: SINGLE (Groundball, 6, EV 93.8 MPH)
Jaiden Pritchett to second
Batting: SHB Martín Aguirre 0-0: Foul Ball, location: 2F
0-1: Ball
1-1: Fielders Choice at 2nd, 6-4 (Groundball, 6, EV 106.9 MPH)
Top of the 4th over - 0 runs, 1 hit, 0 errors, 2 left on base; Frisco 0 - Alexandria 2
BOTTOM OF THE 4TH
Alexandria Aces batting - Pitching for Frisco RoughRiders : LHP Isaac Surrett
Batting: LHB Brennan Self 0-0: Swinging Strike
0-1: Swinging Strike
0-2: Foul Ball, location: 2F
0-2: Ball
1-2: Ground out 6-3 (Groundball, 6, EV 86.9 MPH)
Batting: RHB Sonny Kubler 0-0: Foul Ball, location: 2F
0-1: Foul Ball, location: 2F
0-2: Ball
1-2: Ball
2-2: Fly out, F8 (Line Drive, 8LM, EV 92.5 MPH)
Batting: RHB Josh Check 0-0: Called Strike
0-1: Ground out 5-3 (Groundball, 5L, EV 81.9 MPH)
Bottom of the 4th over - 0 runs, 0 hits, 0 errors, 0 left on base; Frisco 0 - Alexandria 2
TOP OF THE 5TH
Frisco RoughRiders batting - Pitching for Alexandria Aces : LHP Kerry Pinard
Batting: LHB Pat Basso 0-0: Ground out 4-3 (Groundball, 4, EV 86.2 MPH)
Batting: LHB Andrew Foxx 0-0: SOLO HOME RUN (Flyball, 7D, EV 97.5 MPH), Distance : 369 ft
Batting: LHB Jesus Soto 0-0: Called Strike
0-1: Swinging Strike
0-2: Ball
1-2: Ball
2-2: Ground out 5-3 (Groundball, 56, EV 85.0 MPH)
Batting: RHB Bob Castillo 0-0: Ball
1-0: Ball
2-0: Ball
3-0: Called Strike
3-1: Swinging Strike
3-2: Foul Ball, location: 2F
3-2: Foul Ball, location: 2F
3-2: Base on Balls
Batting: LHB Caleb Griffin 0-0: Ball
1-0: Called Strike
1-1: Called Strike
1-2: Ball
2-2: Foul Ball, location: 2F
2-2: Ball
3-2: Base on Balls
Bob Castillo to second
Batting: LHB Bradford Seidl 0-0: Swinging Strike
0-1: Ball
1-1: Ball
2-1: Foul Ball, location: 2F
2-2: Strikes out swinging
Top of the 5th over - 1 run, 1 hit, 0 errors, 2 left on base; Frisco 1 - Alexandria 2
BOTTOM OF THE 5TH
Alexandria Aces batting - Pitching for Frisco RoughRiders : LHP Isaac Surrett
Batting: LHB Jeremy Simmons 0-0: Called Strike
0-1: Ground out U3 (Groundball, 3S, EV 66.9 MPH)
Batting: LHB Mike Rojas 0-0: Called Strike
0-1: Ground out U3 (Groundball, 3, EV 83.8 MPH)
Batting: LHB T.J. Katz 0-0: Ball
1-0: Foul Ball, location: 2F
1-1: Ball
2-1: Foul Ball, location: 2F
2-2: Ball
3-2: Ground out 3-1 (Groundball, 34S, EV 83.1 MPH)
Bottom of the 5th over - 0 runs, 0 hits, 0 errors, 0 left on base; Frisco 1 - Alexandria 2
TOP OF THE 6TH
Frisco RoughRiders batting - Pitching for Alexandria Aces : LHP Kerry Pinard
Batting: LHB Jaiden Pritchett 0-0: Called Strike
0-1: Foul Ball, location: 2F
0-2: Fly out, F5 (Line Drive, 5, EV 68.1 MPH)
Batting: RHB Jose Nolasco 0-0: Fly out, F7 (Line Drive, 7D, EV 84.4 MPH)
Batting: SHB Martín Aguirre 0-0: Ball
1-0: Called Strike
1-1: Fly out, F9 (Flyball, 9D, EV 92.5 MPH)
Top of the 6th over - 0 runs, 0 hits, 0 errors, 0 left on base; Frisco 1 - Alexandria 2
BOTTOM OF THE 6TH
Alexandria Aces batting - Pitching for Frisco RoughRiders : LHP Isaac Surrett
Batting: LHB Miguel Melchor 0-0: Ball
1-0: Fly out, F9 (Flyball, 89D, EV 100.6 MPH)
Batting: RHB Byron Shearman 0-0: Ball
1-0: SINGLE (Groundball, 56S, EV 68.1 MPH) (infield hit)
Batting: RHB Matt Hicok 0-0: Ball
1-0: SINGLE (Line Drive, 9S, EV 94.4 MPH)
Byron Shearman to second
Runner from 2nd tries for 3rd, SAFE, throw by RF made to third
Batting: LHB Brennan Self 0-0: Called Strike
0-1: Foul Ball, location: 2F
0-2: Foul Ball, location: 2F
0-2: Ball
1-2: SINGLE (Line Drive, 8LS, EV 106.9 MPH)
Byron Shearman scores
Matt Hicok to second
Batting: RHB Sonny Kubler 0-0: Foul Ball, location: 2F
0-1: Grounds into double play, 3-6-3 (Groundball, 34, EV 100.0 MPH)
Bottom of the 6th over - 1 run, 3 hits, 0 errors, 1 left on base; Frisco 1 - Alexandria 3
TOP OF THE 7TH
Frisco RoughRiders batting - Pitching for Alexandria Aces : LHP Kerry Pinard
Now in LF: Jacob Koga
Batting: LHB Pat Basso 0-0: Foul Ball, location: 2F
0-1: Foul Ball, location: 2F
0-2: Ball
1-2: Ground out 5-3 (Groundball, 56S, EV 93.8 MPH)
Batting: LHB Andrew Foxx 0-0: Ball
1-0: Called Strike
1-1: Swinging Strike
1-2: Ball
2-2: Foul Ball, location: 2F
2-2: Strikes out swinging, 2-3 out at first.
Batting: LHB Jesus Soto 0-0: Foul Ball, location: 2F
0-1: Swinging Strike
0-2: Foul Ball, location: 2F
0-2: Ball
1-2: Ground out 6-3 (Groundball, 6, EV 90.6 MPH)
Top of the 7th over - 0 runs, 0 hits, 0 errors, 0 left on base; Frisco 1 - Alexandria 3
BOTTOM OF THE 7TH
Alexandria Aces batting - Pitching for Frisco RoughRiders : LHP Isaac Surrett
Batting: RHB Josh Check 0-0: Called Strike
0-1: Called Strike
0-2: Ground out 4-3 (Groundball, 4, EV 80.0 MPH)
Batting: LHB Jeremy Simmons 0-0: Called Strike
0-1: Ground out 4-3 (Groundball, 4M, EV 80.0 MPH)
Batting: LHB Mike Rojas 0-0: Ground out 3-1 (Groundball, 34S, EV 83.8 MPH)
Bottom of the 7th over - 0 runs, 0 hits, 0 errors, 0 left on base; Frisco 1 - Alexandria 3
TOP OF THE 8TH
Frisco RoughRiders batting - Pitching for Alexandria Aces : LHP Kerry Pinard
Pitching: RHP Asnel Barrios
Batting: RHB Bob Castillo 0-0: Ball
1-0: Foul Ball, location: 2F
1-1: Ball
2-1: Foul Ball, location: 2F
2-2: Strikes out swinging
Batting: LHB Caleb Griffin 0-0: Fly out, F8 (Flyball, 8LS, EV 89.4 MPH)
Batting: LHB Bradford Seidl 0-0: Ball
1-0: Ground out 3-1 (Groundball, 34S, EV 79.4 MPH)
Top of the 8th over - 0 runs, 0 hits, 0 errors, 0 left on base; Frisco 1 - Alexandria 3
BOTTOM OF THE 8TH
Alexandria Aces batting - Pitching for Frisco RoughRiders : LHP Isaac Surrett
Batting: LHB T.J. Katz 0-0: Fly out, F7 (Flyball, 7D, EV 96.2 MPH)
Batting: LHB Miguel Melchor 0-0: DOUBLE (Line Drive, 78D, EV 100.6 MPH)
Batting: SHB Jacob Koga 0-0: Called Strike
0-1: Ball
1-1: Swinging Strike
1-2: Ball
2-2: Ball
3-2: Strikes out swinging
Pitching: RHP Cesar Mejia
Batting: RHB Matt Hicok 0-0: Swinging Strike
0-1: Called Strike
0-2: Ball
1-2: Strikes out swinging
Bottom of the 8th over - 0 runs, 1 hit, 0 errors, 1 left on base; Frisco 1 - Alexandria 3
TOP OF THE 9TH
Frisco RoughRiders batting - Pitching for Alexandria Aces : RHP Asnel Barrios
Pitching: RHP David Montoya
Batting: LHB Jaiden Pritchett 0-0: Foul Ball, location: 2F
0-1: Foul Ball, location: 2F
0-2: Foul Ball, location: 2F
0-2: Ball
1-2: Ball
2-2: Ball
3-2: Base on Balls
Pinch Hitting: LHB Guillermo Arreola 0-0: Ball
1-0: Ball
2-0: Called Strike
2-1: Ball
3-1: Base on Balls
Jaiden Pritchett to second
Batting: SHB Martín Aguirre 0-0: Called Strike
0-1: Ball
1-1: Ball
2-1: Called Strike
2-2: Fly out, F9 (Flyball, 89D, EV 83.1 MPH)
Runner from 2nd tags up, SAFE at 3rd with throw by RF
Batting: LHB Pat Basso 0-0: Called Strike
0-1: Called Strike
0-2: Strikes out looking
Batting: LHB Andrew Foxx 0-0: Ball
1-0: Fly out, F1 (Line Drive, P, EV 72.5 MPH)
Top of the 9th over - 0 runs, 0 hits, 0 errors, 2 left on base; Frisco 1 - Alexandria 3
Saturday, May 4th , 2024 - OOTP Baseball 24.11 Build 85